 Dungeon Crawl Stone Soup version 0.26.1-11-gd32895ea62 (webtiles) character file.

Game seed: 5951831326509079653

10082 hawla the Destroyer (level 11, -12/79 (84) HPs)
             Began as a Black Draconian Conjurer on Apr 29, 2021.
             Was an Elder of Vehumet.
             Mangled by a red ugly thing (22 damage)
             ... on level 11 of the Dungeon.
             The game lasted 00:42:09 (16105 turns).

hawla the Destroyer (Black Draconian Conjurer)     Turns: 16105, Time: 00:42:09

HP:   -12/79 (84)   AC: 10    Str: 10    XL:     11   Next: 31%
MP:   24/32         EV: 12    Int: 28    God:    Vehumet [****..]
Gold: 831           SH:  0    Dex: 11    Spells: 0/26 levels left

rFire    . . .     SeeInvis .   E - staff of poison
rCold    . . .     Faith    .   (no shield)
rNeg     . . .     Spirit   .   (armour unavailable)
rPois    +         Reflect  .   (helmet restricted)
rElec    +         Harm     .   r - +2 cloak
rCorr    .         Rampage  .   (no gloves)
Will     .....                  (no boots)
Stlth    ++........             (no amulet)
HPRegen  0.23/turn              w - ring of magical power
MPRegen  0.23/turn              A - +6 ring of intelligence

@: drained
A: breathe lightning, unfitting armour, agile 1, electricity resistance,
evolution 1, cold-blooded, MP-powered wands, AC +7
a: Breathe Lightning, Renounce Religion


You were on level 11 of the Dungeon.
You worshipped Vehumet.
Vehumet was greatly pleased with you.
You visited 2 branches of the dungeon, and saw 12 of its levels.
You also visited: Sewer.

You collected 831 gold pieces.

Inventory:

Hand Weapons
 g - a +0 mace
 q - a +2 quarterstaff of chaos
 z - a +0 lajatang
 I - the +1 trident "Wuduogim" {drain, rF+ rC+}
   (You found it on level 8 of the Dungeon)

   A truly terrible weapon, it drains the life of those it strikes.
   It protects you from fire.
   It protects you from cold.
Missiles
 d - 12 javelins
 j - 17 boomerangs
 l - 6 curare-tipped darts
 m - 73 poisoned darts (quivered)
 y - 5 silver boomerangs
Armour
 r - a +2 cloak (worn)
Magical Staves
 E - an uncursed staff of poison (weapon)
 K - an uncursed staff of death {unknown}
Jewellery
 s - an uncursed ring of fire
 w - a ring of magical power (left hand)
 A - a +6 ring of intelligence (right hand)
 F - a cursed -4 ring of evasion {unknown}
 H - an uncursed ring of poison resistance {unknown}
 J - an uncursed ring of protection from cold {unknown}
Wands
 e - a wand of enslavement (5)
 t - a wand of paralysis (22)
 v - a wand of polymorph (11)
 B - a wand of digging (8)
 G - a wand of acid (10)
Scrolls
 o - 3 scrolls of fear
 u - 8 scrolls of remove curse
 x - 6 scrolls of teleportation
 C - 4 scrolls of enchant armour
 D - 3 scrolls of identify
 L - a scroll of blinking
Potions
 a - a potion of cancellation
 b - 3 potions of might
 c - 5 potions of brilliance
 f - 4 potions of curing
 h - 2 potions of flight
 i - 2 potions of ambrosia
 k - 2 potions of magic
 n - 5 potions of haste
 p - 4 potions of heal wounds


   Skills:
 - Level 4.0 Fighting
 + Level 5.5 Staves
 - Level 1.0 Throwing
 - Level 2.0 Dodging
 - Level 2.0 Stealth
 - Level 4.0 Shields
 + Level 8.2 Spellcasting
 + Level 11.8 Conjurations
 - Level 1.0 Summonings
 - Level 3.0 Translocations
 - Level 1.0 Transmutations
 - Level 1.0 Ice Magic
 - Level 6.0 Air Magic
 - Level 1.0 Poison Magic
 - Level 2.0 Evocations


You couldn't memorise any spells.
You knew the following spells:

 Your Spells              Type           Power        Failure   Level
a - Magic Dart            Conj           100%         1%          1
b - Searing Ray           Conj           100%         1%          2
c - Iskenderun's Mystic   Conj/Tloc      52%          1%          4
d - Blink                 Tloc           N/A          2%          2
e - Apportation           Tloc           56%          1%          1
f - Lesser Beckoning      Tloc           14%          4%          3
g - Lightning Bolt        Conj/Air       28%          1%          5
h - Airstrike             Air            22%          1%          4
i - Olgreb's Toxic Radia  Pois           25%          9%          4

Your spell library contained the following spells:

 Spells                   Type           Power        Failure   Level
 Shock                    Conj/Air       100%         1%          1
 Swiftness                Air            45%          1%          2
 Dazzling Flash           Conj/Hex       88%          1%          3
 Static Discharge         Conj/Air       57%          1%          3
 Fulminant Prism          Conj/Hex       22%          1%          4
 Irradiate                Conj/Tmut      23%          2%          5
 Summon Small Mammal      Summ           68%          3%          1
 Ignite Poison            Fire/Tmut/Pois 22%          3%          3
 Fireball                 Conj/Fire      22%          3%          5
 Animate Skeleton         Necr           22%          4%          1
 Corona                   Hex            12%          4%          1
 Sublimation of Blood     Necr           5%           8%          2
 Petrify                  Tmut/Erth      14%          36%         4
 Alistair's Intoxication  Tmut/Pois      16%          65%         5
 Eringya's Noxious Bog    Tmut/Pois      12%          73%         6
 Malign Gateway           Summ/Tloc      11%          100%        7


Dungeon Overview and Level Annotations

Branches:
Dungeon (11/15)            Temple (1/1) D:5            Lair (0/6) D:10
    Orc (0/2) D:10          Sewer (visited)

Altars:
Ashenzari
Cheibriados
Dithmenos
Elyvilon
Fedhas
Gozag
Hepliaklqana
Kikubaaqudgha
Makhleb
Nemelex Xobeh
Okawaru
Qazlal
Ru
Sif Muna
Trog
Uskayaw
Vehumet
Wu Jian
Xom
Yredelemnul
Zin
The Shining One

Annotations:
D:6 can you dig it


Innate Abilities, Weirdness & Mutations

You can breathe wild blasts of lightning.
Your glossy black scales are hard. (AC +7)
You cannot fit into any form of body armour.
You are resistant to electric shocks. (rElec)
You are cold-blooded and may be slowed by cold attacks.
You are agile. (Dex +2)
You evolve.
You expend magic power (3 MP) to strengthen your wands.


Message History

You erupt in a blast of force!
The mystic blast hits the red ugly thing!
The red ugly thing is lightly wounded.
The red ugly thing is knocked back by the mystic blast.
Casting: Iskenderun's Mystic Blast (mildly dangerous; 1% risk of failure)
Confirm with . or Enter, or press ? or * to list all spells.
Aiming: Searing Ray (safe; 1% risk of failure)
Press: ? - help, Shift-Dir - straight line, f - red ugly thing
Aim: a red ugly thing (lightly wounded, 17% to evade)
The searing ray hits the red ugly thing.
The red ugly thing is moderately wounded. (Press . to maintain the ray.)
The searing ray hits the red ugly thing.
The red ugly thing is moderately wounded.
The searing ray hits the red ugly thing.
The red ugly thing is moderately wounded.
The red ugly thing gores you!
* * * LOW HITPOINT WARNING * * *
You are engulfed in flames!!
You die...

#...........#########'####
#........##.#....[........
#.#####..##.#.............
#.# #..##.#...........##
#.#####.>##.#.....###'####
#........##.#######......#
#...........# # #...##.#
#.......#####.... #...##.#
#..####.'@u...... #......#
#.......#........ #......#
#.......#..########†.....#
#..##...#..#........####.#
#..##...####......†......'
#..##....................#
#..................#######
#....).).#.........#
#...........#####'##


You could see a red ugly thing.

Vanquished Creatures
  A two-headed ogre (D:10)
  Urug (D:11)
  Pikel (D:7)
  A cyclops (D:10)
  A komodo dragon (D:10)
  A troll (D:11)
  Grinder (D:6)
  6 yaks (D:10)
  2 wyverns (D:10)
  2 basilisks (D:10)
  A steam dragon (D:9)
  An acid dragon (D:11)
  A soldier ant (D:10)
  A water moccasin (D:9)
  A sky beast (D:11)
  2 swamp drakes (D:10)
  2 ice beasts
  8 orc warriors
  3 phantoms
  5 ogres
  2 centaurs
  A lemure (D:7)
  2 big kobolds
  2 bullfrogs
  2 gnoll sergeants
  A wyvern skeleton (D:8)
  2 scorpions
  9 killer bees
  12 wights
  An electric eel (D:7)
  2 bullfrog zombies
  9 hounds
  3 jellies
  10 orc priests
  Crazy Yiuf (D:2)
  21 orc wizards
  2 bullfrog skeletons
  3 iguanas
  Ijyb (D:4)
  5 worker ants
  A hound skeleton (D:9)
  A howler monkey zombie (D:5)
  10 adders
  9 gnolls
  A howler monkey skeleton (D:7)
  2 river rats (Sewer)
  2 shadow imps (D:9)
  3 white imps
  An ooze (D:6)
  An ufetubus (D:7)
  An adder skeleton (D:4)
  An adder zombie (D:8)
  6 worms
  4 leopard geckos
  63 orcs
  12 giant cockroaches
  7 goblins
  7 hobgoblins
  A jackal (D:2)
  5 quokkas
  5 ball pythons
  10 bats
  19 frilled lizards
  A jackal skeleton (D:8)
  15 kobolds
  A leopard gecko skeleton (D:4)
  2 leopard gecko zombies
  14 rats
338 creatures vanquished.

Notes
Turn   | Place    | Note
-------+----------+-------------------------------------------
     0 | D:1      | hawla the Draconian Conjurer began the quest for the Orb.
     0 | D:1      | Reached XP level 1. HP: 14/14 MP: 3/3
   370 | D:1      | Reached XP level 2. HP: 22/22 MP: 1/5
   801 | D:1      | Learned a level 2 spell: Searing Ray
  1645 | D:1      | Reached skill level 1 in Fighting
  1645 | D:1      | Reached XP level 3. HP: 28/28 MP: 2/6
  1710 | D:2      | Reached skill level 1 in Shields
  1728 | D:2      | Reached skill level 1 in Evocations
  1738 | D:2      | Reached XP level 4. HP: 9/35 MP: 0/8
  1743 | D:2      | Learned a level 4 spell: Iskenderun's Mystic Blast
  2209 | D:2      | Found a runed translucent door.
  2210 | D:2      | Noticed Crazy Yiuf
  2706 | D:2      | Reached skill level 5 in Conjurations
  2865 | D:2      | Killed Crazy Yiuf
  2866 | D:2      | Reached XP level 5. HP: 40/40 MP: 1/9
  3116 | D:3      | Found a burning altar of Makhleb.
  3289 | D:3      | Reached skill level 1 in Translocations
  3305 | D:3      | Found a glowing drain.
  3329 | Sewer    | Entered a sewer
  3683 | Sewer    | Reached XP level 6. HP: 41/48 MP: 2/10
  4079 | D:3      | Reached skill level 1 in Throwing
  4296 | D:3      | Found a stormy altar of Qazlal.
  5135 | D:3      | Found a snail-covered altar of Cheibriados.
  5340 | D:4      | Noticed Ijyb
  5346 | D:4      | Killed Ijyb
  5770 | D:4      | Your scales start taking on a glossy black colour.
  5770 | D:4      | Reached XP level 7. HP: 55/55 MP: 12/12
  5770 | D:4      | Gained mutation: You are resistant to electric shocks.
                  | (rElec) [Black Draconian growth]
  6173 | D:5      | Entered Level 5 of the Dungeon
  6301 | D:5      | Found an opulent altar of Gozag.
  6403 | D:5      | Reached skill level 6 in Conjurations
  6523 | D:5      | Found a staircase to the Ecumenical Temple.
  6552 | Temple   | Entered the Ecumenical Temple
  6619 | Temple   | Became a worshipper of Vehumet
  7929 | D:6      | Noticed Grinder
  7948 | D:6      | Killed Grinder
  7949 | D:6      | Reached skill level 5 in Spellcasting
  7949 | D:6      | Reached XP level 8. HP: 50/61 MP: 15/15
  8063 | D:6      | Reached skill level 7 in Conjurations
  8254 | D:6      | Found a sacrificial altar of Ru.
  8345 | D:6      | Reached * piety under Vehumet
  8345 | D:6      | Offered knowledge of Foxfire by Vehumet.
  8899 | D:7      | Noticed Pikel
  9027 | D:7      | Reached skill level 8 in Conjurations
  9314 | D:7      | Killed Pikel
  9315 | D:7      | Reached skill level 1 in Staves
  9315 | D:7      | Reached skill level 1 in Summonings
  9315 | D:7      | Reached skill level 1 in Ice Magic
  9315 | D:7      | Reached XP level 9. HP: 37/68 MP: 10/18
  9482 | D:7      | Reached ** piety under Vehumet
  9483 | D:7      | Offered knowledge of Sandblast by Vehumet.
  9789 | D:7      | Found an iron altar of Okawaru.
  9869 | D:7      | Identified the Handbook of the Fiery Compass
  9880 | D:7      | Learned a level 2 spell: Blink
  9883 | D:7      | Learned a level 1 spell: Apportation
  9889 | D:7      | Learned a level 3 spell: Lesser Beckoning
 10648 | D:8      | Found a hazy altar of Hepliaklqana.
 10649 | D:8      | Found a shimmering altar of Xom.
 10650 | D:8      | Noticed a spectral ugly thing
 10664 | D:8      | Found a blossoming altar of Fedhas.
 10683 | D:8      | Reached skill level 9 in Conjurations
 10972 | D:8      | Found a hide-covered altar of Uskayaw.
 11037 | D:8      | Got a slimy trident
 11037 | D:8      | Identified the cursed +1 trident "Wuduogim" {drain, rF+
                  | rC+} (You found it on level 8 of the Dungeon)
 11130 | D:9      | Identified a scroll of acquirement
 11132 | D:9      | Gained mutation: You are agile. (Dex +2) [potion of
                  | mutation]
 11132 | D:9      | Gained mutation: You evolve. [potion of mutation]
 11132 | D:9      | Gained mutation: You expend magic power (3 MP) to
                  | strengthen your wands. [potion of mutation]
 11134 | D:9      | Acquired a book of Alchemy
 11142 | D:9      | Learned a level 5 spell: Lightning Bolt
 11147 | D:9      | Learned a level 4 spell: Airstrike
 11539 | D:9      | Reached skill level 10 in Conjurations
 11804 | D:9      | Offered knowledge of Stone Arrow by Vehumet.
 12032 | D:9      | Reached XP level 10. HP: 77/77 MP: 20/20
 12867 | D:10     | Entered Level 10 of the Dungeon
 12886 | D:10     | Reached *** piety under Vehumet
 12886 | D:10     | Noticed a two-headed ogre
 12887 | D:10     | Reached skill level 11 in Conjurations
 12891 | D:10     | Noticed a cyclops
 12894 | D:10     | Killed a two-headed ogre
 12895 | D:10     | Reached skill level 1 in Transmutations
 12895 | D:10     | Reached skill level 1 in Poison Magic
 12895 | D:10     | HP: 3/77 [cyclops/large rock (24)]
 13150 | D:10     | Killed a cyclops
 13264 | D:10     | Offered knowledge of Mephitic Cloud by Vehumet.
 13502 | D:10     | Reached skill level 5 in Air Magic
 13647 | D:10     | Reached **** piety under Vehumet
 13824 | D:10     | Found a staircase to the Orcish Mines.
 14155 | D:10     | Reached XP level 11. HP: 68/84 MP: 22/22
 14164 | D:10     | Offered knowledge of Olgreb's Toxic Radiance by Vehumet.
 14401 | D:10     | Found a staircase to the Lair.
 14894 | D:11     | Noticed Urug
 14926 | D:11     | Killed Urug
 14927 | D:11     | Reached skill level 5 in Staves
 15497 | D:11     | Learned a level 4 spell: Olgreb's Toxic Radiance
 16098 | D:11     | Noticed a red ugly thing
 16105 | D:11     | Mangled by a red ugly thing

Illustrated notes

Levels and vault maps discovered:
D:1:      shiori_arrival_elements, layout_basic, minmay_pentomino_v4
D:2:      layout_rooms, minmay_small_reverse_x, uniq_crazy_yiuf_cottage
D:3:      layout_basic, makhleb_heckhound_becter,
          nicolae_overflow_crystal_walls, general_overflow_altar,
          gup_sewer_entry_glass
D:4:      layout_loops_ring, uniq_ijyb
D:5:      layout_loops_corners, grunt_gozag_breadcrumbs,
          minmay_temple_entry_drinking_statues, hangedman_abyss_or_decor_passed
D:6:      layout_loops_corners, nicolae_ru_great_annihilating_truth,
          due_unseen_surprise, uniq_grinder
D:7:      layout_basic, okawaru_metal_pillars_3, kennysheep_cluttered_room,
          uniq_pikel
D:8:      layout_cave_pools, fedhas_bush_and_centaur_altar, kennysheep_mini,
          regret_index_temple_of_mockery
D:9:      layout_layer_cave, minmay_chambers_of_fives
D:10:     layout_rooms, erik_lair_dragon, erik_orc_1
D:11:     layout_stronghold, st_stairs_11, uniq_urug
Temple:   nicolae_temple_x_marks_the_god

Skill      XL: |  1  2  3  4  5  6  7  8  9 10 11 |
---------------+----------------------------------+-----
Stealth        | 2 |  2.0
Dodging        | 2 |  2.0
Fighting       | 1 2 3 4 |  4.0
Shields        | 1 2 4 |  4.0
Evocations     | 1 2 |  2.0
Spellcasting   | 3 5 6 7 8 |  8.2
Conjurations   | 5 6 8 10 11 | 11.8
Translocations | 1 2 3 |  3.0
Throwing       | 1 |  1.0
Staves         | 1 3 4 5 |  5.5
Summonings     | 1 |  1.0
Ice Magic      | 1 |  1.0
Air Magic      | 2 3 5 6 |  6.0
Transmutations | 1 |  1.0
Poison Magic   | 1 |  1.0

Action                   |  1- 3 |  4- 6 |  7- 9 | 10-12 || total
-------------------------+-------+-------+-------+-------++-------
Melee: Unarmed           |    30 |       |       |       ||    30
       Quarterstaff      |       |    39 |     7 |       ||    46
       Tailslap          |       |     2 |     7 |    14 ||    23
       Lajatang          |       |       |   111 |       ||   111
       Trident           |       |       |    10 |    30 ||    40
       Staff             |       |       |       |   107 ||   107
Throw: Dart              |       |     4 |       |       ||     4
 Cast: Magic Dart        |    38 |    39 |    16 |    10 ||   103
       Searing Ray       |    10 |    57 |    52 |    40 ||   159
       Iskenderun's Myst |       |     4 |    34 |    41 ||    79
       Lesser Beckoning  |       |       |     2 |       ||     2
       Apportation       |       |       |     1 |       ||     1
       Blink             |       |       |     1 |       ||     1
  Use: Scroll            |     2 |    14 |    11 |     5 ||    32
       Potion            |     2 |       |     6 |     5 ||    13
 Stab: Paralysed         |       |       |     1 |       ||     1
Armor: Skin              |    18 |    40 |   101 |    72 ||   231
Dodge: Dodged            |    42 |    61 |   174 |   117 ||   394
